 Seeded DCSS version 0.29.1-2-gbd0b4ee654 (webtiles) character file.

Game seed: 19941 (custom seed)

1212 Ashen the Scholar of Death (level 8, -1/57 HPs)
             Began as a Demonspawn Necromancer on Oct 30, 2022.
             Was a Follower of Kikubaaqudgha.
             Slain by an ogre
             ... wielding a +0 giant spiked club
              (7 damage)
             ... on level 7 of the Dungeon.
             The game lasted 00:14:33 (6660 turns).

Ashen the Scholar of Death (Demonspawn Necromancer) Turns: 6660, Time: 00:14:34

Health: -1/57      AC: 12    Str:  8    XL:     8   Next: 22%
Magic:  14/14      EV: 13    Int: 19    God:    Kikubaaqudgha [*.....]
Gold:   326        SH:  0    Dex: 14    Spells: 5/16 levels left

rFire   . . .      SeeInvis .   p - +0 rapier (venom)
rCold   . . .      Faith    .   (no shield)
rNeg    . . .      Spirit   .   f - +3 leather armour
rPois   .          Reflect  .   (no helmet)
rElec   .          Harm     .   u - +0 cloak
rCorr   .          Rampage  .   l - +0 pair of gloves
Will    .....                   (no boots)
Stlth   +++.......              (no amulet)
HPRegen 0.19/turn               h - +4 ring of protection
MPRegen 0.14/turn               (no ring)

@: no status effects
A: powered by death 2, sturdy frame 2, weakness stinger 1
a: Renounce Religion, Unearth Wretches


You were on level 7 of the Dungeon.
You worshipped Kikubaaqudgha.
Kikubaaqudgha was aware of your devotion.
You visited 2 branches of the dungeon, and saw 8 of its levels.

You collected 326 gold pieces.

Inventory:

Hand Weapons
 j - a +0 whip of pain
 p - a +0 rapier of venom (weapon)
Armour
 f - a +3 leather armour (worn)
 l - a +0 pair of gloves (worn)
 u - a +0 cloak (worn)
Jewellery
 h - a +4 ring of protection (left hand)
Wands
 v - a wand of digging (7)
Scrolls
 c - a scroll of magic mapping {unknown}
 d - 4 scrolls of amnesia {unknown}
 e - 8 scrolls of identify {unknown}
 g - a scroll of enchant armour {unknown}
 i - 2 scrolls of noise {unknown}
 r - a scroll of torment {unknown}
 t - a scroll of summoning {unknown}
 x - a scroll of teleportation {unknown}
 y - a scroll of poison {unknown}
 z - a scroll of vulnerability {unknown}
 A - a scroll of enchant weapon {unknown}
Potions
 a - 2 potions of flight {unknown}
 b - a potion of magic
 k - a potion of ambrosia {unknown}
 m - 5 potions of curing {unknown}
 n - a potion of mutation {unknown}
 o - a potion of degeneration {unknown}
 q - a potion of haste {unknown}
 s - a potion of lignification {unknown}
 w - a potion of berserk rage {unknown}
 B - a potion of heal wounds {unknown}


   Skills:
 + Level 2.6 Fighting
 + Level 4.5 Dodging
 + Level 4.9 Stealth
 + Level 4.6 Spellcasting
 + Level 6.8 Necromancy


You had 5 spell levels left.
You knew the following spells:

 Your Spells              Type           Power      Damage    Failure   Level
a - Necrotise             Necr           100%       1d9       1%          1
b - Vampiric Draining     Necr           30%        2d8       2%          3
c - Animate Dead          Necr           30%        N/A       8%          4
d - Call Canine Familiar  Summ           4%         N/A       36%         3

Your spell library contained the following spells:

 Spells                   Type           Power      Damage    Failure   Level
 Sublimation of Blood     Necr           30%        N/A       1%          2
 Summon Small Mammal      Summ           16%        N/A       13%         1
 Agony                    Necr           30%        N/A       22%         5
 Portal Projectile        Hex/Tloc       8%         N/A       36%         3
 Summon Guardian Golem    Hex/Summ       4%         N/A       36%         3
 Tukima's Dance           Hex            4%         N/A       36%         3
 Blade Hands              Tmut           2%         N/A       98%         5


Dungeon Overview and Level Annotations

Branches:
Dungeon (7/15)             Temple (1/1) D:5

Altars:
Ashenzari
Cheibriados
Dithmenos
Fedhas
Hepliaklqana
Kikubaaqudgha
Nemelex Xobeh
Okawaru
Qazlal
Sif Muna
Trog
Uskayaw
Vehumet
Xom
Yredelemnul

Shops:
D:1 ([*   D:3 *   D:5 :   D:6 *


Innate Abilities, Weirdness & Mutations

You regenerate health from kills.
Your movements are less encumbered by armour. (ER -4)
You have a small tail.


Message History

The ogre hits you with a +0 giant spiked club!!
The centaur hits you but does no damage.
The centaur closely misses you.
You are too injured to fight recklessly!
You hit the centaur but do no damage.
The centaur is poisoned.
The centaur hits you but does no damage.
The centaur kicks you but does no damage.
The ogre hits you with a +0 giant spiked club!
* * * LOW HITPOINT WARNING * * *
The centaur hits you but does no damage.
The centaur kicks you.
* * * LOW HITPOINT WARNING * * *
You hit the centaur.
The centaur looks as sick as possible!
The centaur is lightly wounded.
The centaur barely misses you.
The centaur kicks you but does no damage.
The ogre closely misses you.
You hit the centaur but do no damage.
The centaur looks as sick as possible!
You tail-slap the centaur, but do no damage.
The centaur is lightly wounded.
The centaur hits you but does no damage.
The centaur barely misses you.
The centaur hits you but does no damage.
The centaur completely misses you.
You hit the centaur.
The centaur looks as sick as possible!
You tail-slap the centaur, but do no damage.
The centaur is heavily wounded.
The centaur closely misses you.
The centaur kicks you but does no damage.
The ogre barely misses you.
The centaur hits you but does no damage.
The centaur kicks you but does no damage.
You barely miss the centaur.
You tail-slap the centaur, but do no damage.
The centaur is heavily wounded.
The centaur hits you but does no damage.
The centaur barely misses you.
The ogre hits you with a +0 giant spiked club!
You die...
Kikubaaqudgha rasps: "You have failed me!
Welcome... death!"

#
#................
#..............#
..#..........####
#.##.####..(..##
#.... #.##...#
.... . ####...#
.. ...##...####
#..$......#
####..@O..#
#.....c.$.#
#....#......#
#....#........
#.....>.......
...............
#...# #.....###
###. .......


You could see an ogre (very poisoned) and a centaur (extremely poisoned).

Vanquished Creatures
  Menkaure (D:6)
  Duvessa (D:4)
  2 scorpions
  A bullfrog (D:6)
  2 necrophages
  Dowan (D:4)
  3 jellies
  3 hounds
  3 iguanas (D:6)
  5 orc wizards
  3 gnolls (D:2)
  10 adders
  An ufetubus (D:5)
  2 worms (D:3)
  5 dart slugs
  20 orcs
  7 endoplasms
  3 giant cockroaches
  6 goblins
  8 hobgoblins
  5 kobolds
  2 quokkas (D:1)
  4 ball pythons
  7 bats
  6 frilled lizards
  An orc zombie (D:6)
  11 rats
123 creatures vanquished.

Vanquished Creatures (collateral kills)
  A nameless horror (D:6)
  2 orcs (D:6)
  A giant cockroach (D:3)
  A kobold (D:1)
  3 rats (D:2)
8 creatures vanquished.

Vanquished Creatures (others)
  A hound zombie (D:5)
  A jelly zombie (D:6)
2 creatures vanquished.

Grand Total: 133 creatures vanquished

Notes
Turn   | Place    | Note
-------+----------+-------------------------------------------
     0 | D:1      | Ashen the Demonspawn Necromancer began the quest for the
                  | Orb.
     0 | D:1      | Reached XP level 1. HP: 13/13 MP: 3/3
   132 | D:1      | Found Riotof's Antique Weapon Shop.
   204 | D:1      | Gained mutation: Your movements are slightly less
                  | encumbered by armour. (ER -2) [demonic ancestry]
   204 | D:1      | Reached XP level 2. HP: 19/19 MP: 0/5
   429 | D:1      | Found a faded altar of an unknown god.
   880 | D:1      | Found Vypiut's Assorted Antiques.
   888 | D:1      | Found Marruhor's Antique Armour Shoppe.
   890 | D:1      | Gained mutation: You have a small tail. [demonic ancestry]
   890 | D:1      | Reached XP level 3. HP: 24/24 MP: 6/6
  1246 | D:2      | Learned a level 3 spell: Vampiric Draining
  1397 | D:2      | Reached XP level 4. HP: 30/30 MP: 7/7
  1663 | D:2      | Reached skill level 5 in Necromancy
  2023 | D:2      | Learned a level 4 spell: Animate Dead
  2411 | D:3      | Gained mutation: You regenerate a little health from kills.
                  | [demonic ancestry]
  2411 | D:3      | Reached XP level 5. HP: 32/35 MP: 6/9
  2515 | D:3      | Found a blossoming altar of Fedhas.
  2587 | D:3      | Found Deropsou's Assorted Antiques.
  2591 | D:3      | Found a hazy altar of Hepliaklqana.
  2836 | D:4      | Noticed Duvessa
  2836 | D:4      | Noticed Dowan
  3730 | D:4      | Killed Duvessa
  3731 | D:4      | Gained mutation: You regenerate health from kills. [demonic
                  | ancestry]
  3731 | D:4      | Reached XP level 6. HP: 34/41 MP: 0/11
  3738 | D:4      | Killed Dowan
  4397 | D:5      | Entered Level 5 of the Dungeon
  4427 | D:5      | Found a staircase to the Ecumenical Temple.
  4436 | Temple   | Entered the Ecumenical Temple
  4587 | Temple   | Became a worshipper of Kikubaaqudgha
  4639 | D:5      | Reached XP level 7. HP: 38/46 MP: 12/12
  4687 | D:5      | Found Neanacku's Book Shoppe.
  4689 | D:5      | Found a large runed translucent door.
  4711 | D:5      | Reached skill level 6 in Necromancy
  4714 | D:5      | Found a large runed translucent door.
  4736 | D:5      | Found a radiant altar of Vehumet.
  4742 | D:5      | Reached skill level 1 in Fighting
  4803 | D:5      | Found a bloodstained altar of Trog.
  5114 | D:5      | Learned a level 3 spell: Call Canine Familiar
  5532 | D:6      | Found a sparkling altar of Nemelex Xobeh.
  5630 | D:6      | Reached * piety under Kikubaaqudgha
  5630 | D:6      | Received a gift from Kikubaaqudgha
  5882 | D:6      | Gained mutation: Your movements are less encumbered by
                  | armour. (ER -4) [demonic ancestry]
  5882 | D:6      | Reached XP level 8. HP: 56/56 MP: 10/14
  6026 | D:6      | Found Imosk's Fire Supplies.
  6216 | D:6      | Noticed Menkaure
  6230 | D:6      | Killed Menkaure
  6640 | D:7      | Found a shimmering altar of Xom.
  6640 | D:7      | Found a shimmering altar of Xom.
  6640 | D:7      | Found a shimmering altar of Xom.
  6640 | D:7      | Found a shimmering altar of Xom.
  6660 | D:7      | Slain by an ogre

Illustrated notes

Levels and vault maps discovered:
D:1:      lightli_arrival_lavapool, layout_basic, serial_shops, shop_fountains,
          shop, nicolae_shop_trees,
          hellmonk_ecumenical_altar_pennies_from_heaven
D:2:      layout_loops_ring, minmay_hexomino_c4
D:3:      layout_basic, mainiacjoe_overflow_surrounded_room,
          mainiacjoe_overflow_big_doors, serial_shops, shop,
          kennysheep_generic_room_6
D:4:      layout_layer_cave, uniq_duvessa
D:5:      layout_loops_ring, jmf_multi_god_temple2, temple_statues,
          serial_shops, shop
D:6:      layout_cave_pods, nemelex_spade_bored_becter, chequers_jeans,
          nicolae_shop_fire_sale [nicolae_sub_dead_trees],
          hellmonk_bongcloud_opening, item_on_display_a, uniq_menkaure
D:7:      layout_cave_pools, xom_shifter_show, serial_undead, serial_undead_c,
          serial_undead_a, serial_undead_f, serial_undead_a
Temple:   hellmonk_temple_forest_ring

Skill      XL: |  1  2  3  4  5  6  7 |
---------------+----------------------+-----
Stealth        | 2 3 4 |  4.9
Dodging        | 2 3 4 |  4.5
Necromancy     | 5 6 |  6.8
Spellcasting   | 3 4 |  4.6
Fighting       | 2 |  2.6

Action                   |  1- 3 |  4- 6 |  7- 9 || total
-------------------------+-------+-------+-------++-------
Melee: Unarmed           |     6 |       |       ||     6
       Dagger            |     6 |    32 |       ||    38
       Tailslap          |       |    17 |    20 ||    37
       Punch             |       |     1 |     1 ||     2
       Rapier            |       |    51 |   127 ||   178
 Cast: Necrotise         |    53 |    60 |       ||   113
       Vampiric Draining |       |     5 |    13 ||    18
       Animate Dead      |       |     1 |     2 ||     3
       Call Canine Famil |       |       |     1 ||     1
 Stab: Sleeping          |     3 |     2 |     7 ||    12
Armor: Leather armour    |     4 |    36 |    76 ||   116
       Robe              |     1 |       |       ||     1
Dodge: Dodged            |    13 |    73 |   103 ||   189
